 Dungeon Crawl Stone Soup version 0.30-a0-983-g7e3032bf44 (webtiles) character file.

Game seed: 5590476947370797165

401 webweb the Poker (level 7, -2/54 HPs)
             Began as a Human Berserker on Apr 1, 2023.
             Was a Priest of Trog.
             Killed by divine providence
             ... invoked by an orc priest
              (10 damage)
             ... on level 4 of the Dungeon.
             The game lasted 00:05:50 (2197 turns).

webweb the Poker (Human Berserker)                  Turns: 2197, Time: 00:05:50

Health: -2/54      AC: 10    Str: 20    XL:     7   Next: 11%
Magic:  7/7        EV:  8    Int:  7    God:    Trog [***...]
Gold:   180        SH:  0    Dex: 12    Spells: 6/6 levels left

rFire   . . .      SeeInvis .    o - +8 trident of the Octopus King {venom, rElec rPois}
rCold   . . .      Faith    .    (no shield)
rNeg    . . .      Spirit   .    n - +0 chain mail
rPois   +          Reflect  .    i - +0 helmet
rElec   +          Rampage  .    (no cloak)
rCorr   .                        (no gloves)
Will    +....                    (no boots) Stlth
                                 (no amulet)
HPRegen 0.29/turn                q - ring of willpower
MPRegen 0.10/turn                (no ring)

@: on berserk cooldown, slowed, very slow
A: no striking features
a: Renounce Religion, Berserk, Trog's Hand


You were on level 4 of the Dungeon.
You worshipped Trog.
Trog was most pleased with you.
You visited 1 branch of the dungeon, and saw 4 of its levels.

You collected 180 gold pieces.

Inventory:

Hand Weapons
 a - a +0 spear
 o - the +8 trident of the Octopus King (weapon) {venom, rElec rPois}
   (You found it on level 3 of the Dungeon)

   rElec:     It insulates you from electricity.
   rPois:     It protects you from poison.
Missiles
 b - a throwing net (quivered)
Armour
 i - a +0 helmet (worn)
 n - a +0 chain mail (worn)
Jewellery
 q - a ring of willpower (left hand)
Wands
 k - a wand of iceblast (1)
Scrolls
 g - 4 scrolls of teleportation
 h - a scroll of magic mapping
 j - a scroll of immolation
Potions
 c - a potion of flight {unknown}
 d - a potion of magic {unknown}
 e - 2 potions of invisibility
 f - a potion of degeneration {unknown}
 l - a potion of might {unknown}
 m - a potion of attraction {unknown}


   Skills:
 + Level 4.2 Fighting
 + Level 5.7 Polearms
 + Level 3.0 Armour
 + Level 2.9 Dodging
 + Level 1.0 Stealth


You had 6 spell levels left.
You didn't know any spells.
Your spell library was empty.

Dungeon Overview and Level Annotations

Branches:
Dungeon (4/15)
 Temple: D:4-7

Altars:

Annotations:
D:4 Pikel


Message History

The ball python grabs you. The ball python constricts you.
You escape the ball python's grasp.
The ball python attacks as you move away!
The ball python bites you. The ball python closely misses you.
The ball python barely misses you. The iguana closely misses you.
The ball python bites you but does no damage.
The ball python grabs you. The ball python constricts you.
You escape the ball python's grasp.
The iguana attacks as you move away! The iguana closely misses you.
Your attacks no longer feel as feeble.
The iguana barely misses you.
The ball python attacks as you move away!
The ball python bites you but does no damage.
The iguana hisses menacingly.
The ball python bites you. The ball python closely misses you.
The ball python bites you. The ball python grabs you.
The ball python constricts you.
There is a stone staircase leading down here.
You escape the ball python's grasp.
The orc priest calls down the wrath of Beogh upon you.
Beogh smites you!
* * * LOW HITPOINT WARNING * * *
The orc hits you but does no damage. The ball python bites you.
* * * LOW HITPOINT WARNING * * *
The ball python grabs you.
You stop descending the stairs.
The ball python constricts you.
* * * LOW HITPOINT WARNING * * *
You escape the ball python's grasp.
The orc hits you with a +0 hand axe.
* * * LOW HITPOINT WARNING * * *
The ball python misses you. The ball python grabs you.
You stop descending the stairs.
The ball python constricts you. The orc hits you but does no damage.
The ball python bites you but does no damage.
The ball python constricts you.
You puncture the ball python!
You kill the ball python!
Trog accepts your kill.
The orc priest mumbles some strange prayers to Beogh against you.
Beogh smites you!
You die...

#. #.. #..######## ####
#.........# #.... ##........##
######.....
###..........######o.........
#....<.......##.@lo.og.#...$.
#................o###K...#
#...(..........#### #.#### #..
#.....†.......## #o# ...
#.....<.......#######o# ..#
#...............##?..o# ##5#
#.........##..#$....o## 5.K
#..>...............oo####o#####.
#........#####......g....o.g....


You could see Pikel, an iguana, an orc priest, a gnoll and 3 orcs.

Vanquished Creatures
  2 phantoms (D:4)
  A hound (D:4)
  Jessica (D:2)
  An iguana (D:4)
  Robin (D:2)
  3 gnolls (D:3)
  2 adders
  A worm (D:2)
  2 dart slugs (D:2)
  5 orcs (D:3)
  5 ball pythons
  7 bats
  6 endoplasms
  3 giant cockroaches
  14 goblins
  18 hobgoblins
  9 jackals
  4 kobolds
  2 quokkas
  3 frilled lizards
  7 rats
97 creatures vanquished.

Notes
Turn   | Place    | Note
-------+----------+-------------------------------------------
     0 | D:1      | webweb the Human Berserker began the quest for the Orb.
     0 | D:1      | Reached XP level 1. HP: 18/18 MP: 1/1
   225 | D:1      | Reached XP level 2. HP: 16/24 MP: 2/2
   387 | D:1      | Reached XP level 3. HP: 29/29 MP: 3/3
   734 | D:2      | Noticed Jessica
   742 | D:2      | Killed Jessica
   743 | D:2      | Reached XP level 4. HP: 26/35 MP: 4/4
   808 | D:2      | Reached skill level 4 in Polearms
   843 | D:2      | Reached ** piety under Trog
   913 | D:2      | Noticed Robin
   930 | D:2      | Killed Robin
   939 | D:2      | Reached XP level 5. HP: 42/42 MP: 5/5
  1666 | D:3      | Reached skill level 1 in Stealth
  1746 | D:3      | Found the +8 trident of the Octopus King {venom, rElec
                  | rPois}
  2096 | D:4      | Reached skill level 5 in Polearms
  2096 | D:4      | Reached XP level 6. HP: 46/48 MP: 6/6
  2099 | D:3      | Reached *** piety under Trog
  2174 | D:4      | Noticed Pikel
  2182 | D:4      | Reached XP level 7. HP: 38/54 MP: 7/7
  2197 | D:4      | Killed from afar by an orc priest

Illustrated notes

Levels and vault maps discovered:
D:1:      dpeg_arrival_snail, layout_rooms, minmay_ruptured
D:2:      layout_loops_ring, uniq_jessica, uniq_robin
D:3:      kennysheep_the_goblin_king, layout_rooms
D:4:      minmay_opposing_rooms, layout_rooms, minitemple, serial_shops, shop,
          uniq_pikel

Skill      XL: |  1  2  3  4  5  6 |
---------------+-------------------+-----
Polearms       | 4 5 |  5.7
Stealth        | 1 |  1.0
Fighting       | 4 |  4.2
Armour         | 3 |  3.0
Dodging        | |  2.9

Action                     |  1- 3 |  4- 6 |  7- 9 || total
---------------------------+-------+-------+-------++-------
  Melee: Spear             |    67 |   182 |       ||   249
         Punch             |       |     2 |       ||     2
         Trident           |       |    32 |     1 ||    33
 Invoke: Berserk           |     1 |     4 |       ||     5
    Use: Scroll            |     1 |     4 |       ||     5
   Stab: Sleeping          |     1 |     1 |       ||     2
 Armour: Animal skin       |     8 |     6 |       ||    14
         Chain mail        |       |    61 |    10 ||    71
  Dodge: Dodged            |    24 |    73 |     7 ||   104

Table legend: (Time is in decaauts)
 A = Elapsed time spent in this place.
 B = Non-inter-level travel time spent in this place.
 C = Inter-level travel time spent in this place.
 D = Time resting spent in this place.
 E = Time spent auto-exploring this place.
 F = Levels seen in this place.
 G = Mean time per level.
                   A        B        C        D        E       F      G
               +--------+--------+--------+--------+--------+-----+--------+
         Total |   2196 |   2102 |     94 |    118 |   1466 |   4 |  549.0 |
       Dungeon |   2196 |   2102 |     94 |    118 |   1466 |   4 |  549.0 |
               +--------+--------+--------+--------+--------+-----+--------+

Top non-repeatable levels by time:
     D:2: 740 daAuts
     D:1: 727 daAuts
     D:3: 627 daAuts
     D:4: 101 daAuts
